 Dungeon Crawl Stone Soup version 0.25-a0-713-g4845790 (webtiles) character file.

Game seed: 16480682171322954016, levelgen mode: deterministic

2391 Ceann the Thaumaturge (level 9, -2/51 HPs)
             Began as a Deep Elf Ice Elementalist on Apr 5, 2020.
             Was a Believer of Vehumet.
             Slain by a moth of wrath (6 damage)
             ... on level 8 of the Dungeon.
             The game lasted 00:21:29 (6438 turns).

Ceann the Thaumaturge (Deep Elf Ice Elementalist)   Turns: 6438, Time: 00:21:30

Health: -2/51      AC:  7    Str:  5    XL:     9   Next: 22%
Magic:  24/24      EV: 16    Int: 24    God:    Vehumet [**....]
Gold:   276        SH:  5    Dex: 20    Spells: 18/26 levels left

rFire    . . .     SeeInvis .   v - +6 long sword of Might {venom, MR+ Stlth+}
rCold    . . .     Gourm    .   q - +0 buckler
rNeg     + . .     Faith    .   n - +1 robe {MR+}
rPois    .         Spirit   .   a - +2 helmet of Generosity {*Drain rCorr Dex+5}
rElec    .         Reflect  .   (no cloak)
rCorr    +         Harm     .   j - +0 pair of gloves
MR       ++...                  (no boots)
Stlth    ++++......             (no amulet)
HPRegen  0.17/turn              g - ring of positive energy
MPRegen  0.19/turn              (no ring)

@: frozen ramparts, flying
A: no striking features
a: Renounce Religion


You were on level 8 of the Dungeon.
You worshipped Vehumet.
Vehumet was pleased with you.
You were not hungry.

You visited 2 branches of the dungeon, and saw 9 of its levels.
You also visited: Ossuary.

You collected 276 gold pieces.

Inventory:

Hand Weapons
 v - the +6 long sword of Might (weapon) {venom, MR+ Stlth+}
   (You found it on level 5 of the Dungeon)

   It poisons the flesh of those it strikes.
   It affects your resistance to hostile enchantments.
   It makes you more stealthy.
Armour
 a - the +2 helmet of Generosity (worn) {*Drain rCorr Dex+5}
   (You took it off Robin on level 2 of the Dungeon)

   It affects your dexterity (+5).
   It provides partial protection from all sources of acid and corrosion.
   It causes draining when unequipped.
 j - a +0 pair of gloves (worn)
 n - a +1 robe of magic resistance (worn)
 q - a +0 buckler (worn)
 A - a +2 leather armour of poison resistance
Jewellery
 g - a ring of positive energy (left hand)
Wands
 C - a wand of iceblast (6)
Scrolls
 i - 10 scrolls of identify
 k - a scroll of remove curse
 o - a scroll of fog
 s - a scroll of random uselessness {unknown}
 t - a scroll of blinking
 w - a scroll of vulnerability {unknown}
 x - 2 scrolls of fear {unknown}
 y - a scroll of enchant armour {unknown}
 B - 2 scrolls of torment {unknown}
Potions
 b - 3 potions of resistance
 d - 3 potions of curing
 e - a potion of invisibility {unknown}
 f - 2 potions of ambrosia
 h - a potion of flight
 l - a potion of mutation {unknown}
 m - 5 potions of heal wounds {unknown}
 p - a potion of brilliance {unknown}
 r - a potion of lignification
 u - 2 potions of haste {unknown}
Comestibles
 c - 16 rations
 z - 2 chunks of flesh


   Skills:
 * Level 3.3 Fighting
 + Level 1.6 Long Blades
   Level 0.7 Maces & Flails
 * Level 5.8 Dodging
 + Level 4.1 Stealth
 * Level 2.5 Shields
 + Level 0.1 Unarmed Combat
 + Level 9.3 Spellcasting
 + Level 2.5 Summonings
 + Level 8.0 Ice Magic


You had 18 spell levels left.
You knew the following spells:

 Your Spells              Type           Power        Failure   Level  Hunger
a - Freeze                Ice            ####         1%          1    None
e - Frozen Ramparts       Ice            #####.       1%          3    None
o - Summon Ice Beast      Ice/Summ       #####...     8%          4    ##.....

Your spell library contained the following spells:

 Spells                   Type           Power        Failure   Level  Hunger
 Magic Dart               Conj           ##..         7%          1    None
 Ozocubu's Armour         Chrm/Ice       ####....     3%          3    None
 Foxfire                  Conj/Fire      ##..         7%          1    None
 Hailstorm                Conj/Ice       ####....     13%         4    ##.....
 Conjure Flame            Conj/Fire      ##......     21%         3    None
 Inner Flame              Hex/Fire       ##......     21%         3    None
 Sticky Flame             Conj/Fire      ##......     56%         4    ##.....
 Fireball                 Conj/Fire      ##........   88%         5    ####...


Dungeon Overview and Level Annotations

Branches:
Dungeon (8/15)             Temple (1/1) D:5         Ossuary (visited)
   Lair: D:8-11

Altars:
Ashenzari
Cheibriados
Dithmenos
Elyvilon
Fedhas
Gozag
Hepliaklqana
Kikubaaqudgha
Nemelex Xobeh
Okawaru
Qazlal
Ru
Sif Muna
Trog
Vehumet
Wu Jian
Yredelemnul
The Shining One

Shops:
D:6 (*[

Annotations:
D:8 1 transporter, marietta's ghost, journeyman MfGl


Message History

It was a potion of curing.
You feel better.
The wall freezes marietta's ghost!
The wall freezes the moth of wrath!
The moth of wrath misses you.
The wall freezes the hippogriff!
It was a potion of ambrosia.
You are confused.
You feel invigorated.
The wall freezes the moth of wrath.
The moth of wrath closely misses you.
The wall freezes the hippogriff.
The wall freezes the moth of wrath.
The moth of wrath bites you.
It was a potion of flight.
You feel very buoyant.
You fly up into the air.
The wall freezes marietta's ghost.
Marietta's ghost hits you!
* * * LOW HITPOINT WARNING * * *
The wall freezes the moth of wrath.
The moth of wrath bites you!
* * * LOW HITPOINT WARNING * * *
You feel better.
You feel less invigorated.
The wall freezes marietta's ghost.
Marietta's ghost hits you!
* * * LOW HITPOINT WARNING * * *
The wall freezes the moth of wrath!
The moth of wrath bites you.
You die...

#
###.............#
#..####.§.####. #.
#..##### ### ..
..$[[..#..# .
##.##..=###.... #
#..(..#.....#.##.#
##..©..# ©#$.
#......#Hy##..#
##...#...#@...#
#....#..W...##
#####..###.## ..
### ## # .. ###


You could see a moth of wrath, a hippogriff and marietta's ghost.

Vanquished Creatures
  2 centaur zombies (D:6)
  A sky beast (D:5)
  2 orc warriors (D:7)
  2 phantoms
  4 ogres
  2 centaurs (D:5)
  A water moccasin zombie (Ossuary)
  2 scorpions
  3 hounds
  4 orc wizards
  An orc priest (D:6)
  An iguana (D:6)
  Jessica (D:2)
  Terence (D:3)
  Natasha (twice) (D:2)
  3 worker ants
  A hound skeleton (D:5)
  A worker ant zombie (D:5)
  Robin (D:2)
  9 adders
  8 gnolls
  3 oozes
  An adder zombie (Ossuary)
  3 worms
  A dart slug (D:1)
  9 leopard geckos
  18 orcs
  19 bats
  A bat zombie (D:2)
  5 giant cockroaches
  11 goblins
  17 hobgoblins
  2 quokkas
  2 ball pythons
  5 frilled lizards
  A gnoll zombie (Ossuary)
  3 hobgoblin zombies (Ossuary)
  11 kobolds
  A kobold zombie (Ossuary)
  2 orc zombies (Ossuary)
  A quokka skeleton (D:4)
  6 rats
174 creatures vanquished.

Vanquished Creatures (collateral kills)
  A phantom (D:5)
  A centaur (D:5)
  A bullfrog (D:6)
  A scorpion (D:4)
  A gnoll shaman (D:4)
  An orc wizard (D:3)
  A big kobold zombie (Ossuary)
  2 mummies (Ossuary)
  A gnoll (D:4)
  2 adder zombies (Ossuary)
  A dart slug (D:3)
  2 orcs
  3 gnoll zombies (Ossuary)
  4 hobgoblin zombies (Ossuary)
  4 kobold zombies (Ossuary)
  5 orc zombies (Ossuary)
31 creatures vanquished.

Vanquished Creatures (others)
  3 plants (D:7)
3 creatures vanquished.

Grand Total: 208 creatures vanquished

Notes
Turn   | Place    | Note
-------+----------+-------------------------------------------
     0 | D:1      | Ceann the Deep Elf Ice Elementalist began the quest for the
                  | Orb.
     0 | D:1      | Reached XP level 1. HP: 10/10 MP: 6/6
    72 | D:1      | Reached XP level 2. HP: 13/15 MP: 1/8
   193 | D:1      | Reached skill level 5 in Ice Magic
   361 | D:1      | Reached XP level 3. HP: 11/19 MP: 6/10
   366 | D:1      | Learned a level 3 spell: Frozen Ramparts
  1085 | D:2      | Reached skill level 4 in Spellcasting
  1109 | D:2      | Noticed Jessica
  1137 | D:2      | Killed Jessica
  1137 | D:2      | Reached XP level 4. HP: 9/24 MP: 7/12
  1319 | D:2      | Noticed an ogre
  1333 | D:2      | Killed an ogre
  1333 | D:2      | Reached skill level 5 in Spellcasting
  1333 | D:2      | Reached XP level 5. HP: 27/28 MP: 8/15
  1352 | D:2      | Noticed Natasha
  1356 | D:2      | Killed Natasha
  1405 | D:2      | Identified the +2 helmet of Generosity {*Drain rCorr Dex+5}
  1405 | D:2      | Noticed Robin
  1433 | D:2      | Killed Robin
  1540 | D:2      | Found an ancient bone altar of Kikubaaqudgha.
  1548 | D:2      | Learned a level 4 spell: Summon Ice Beast
  1573 | D:2      | Noticed Natasha
  1579 | D:2      | Killed Natasha
  1579 | D:2      | Reached skill level 6 in Spellcasting
  1579 | D:2      | Reached XP level 6. HP: 20/32 MP: 13/17
  1754 | D:3      | Found a hazy altar of Hepliaklqana.
  1837 | D:3      | Found a blossoming altar of Fedhas.
  2326 | D:3      | Noticed Terence
  2335 | D:3      | Killed Terence
  2335 | D:3      | Reached skill level 1 in Fighting
  2660 | D:4      | Reached skill level 7 in Spellcasting
  2679 | D:4      | Reached XP level 7. HP: 38/38 MP: 14/19
  2886 | D:4      | Reached skill level 1 in Shields
  3134 | D:4      | Reached skill level 1 in Summonings
  3306 | D:5      | Entered Level 5 of the Dungeon
  3649 | D:5      | Got a dazzling long sword
  3650 | D:5      | Identified the +6 long sword of Might {venom, MR+ Stlth+}
                  | (You found it on level 5 of the Dungeon)
  3662 | D:5      | Reached XP level 8. HP: 39/45 MP: 18/21
  3707 | D:5      | Found a staircase to the Ecumenical Temple.
  3757 | D:5      | Reached skill level 8 in Spellcasting
  3798 | Temple   | Entered the Ecumenical Temple
  3810 | Temple   | Became a worshipper of Vehumet
  4269 | D:5      | Found a shattered altar of Ashenzari.
  4269 | D:5      | Found a shimmering blue altar of Sif Muna.
  4372 | D:6      | Found a bloodstained altar of Trog.
  4468 | D:6      | Reached skill level 1 in Long Blades
  4491 | D:6      | Found Vituloup's Assorted Antiques.
  4527 | D:6      | Found a sand-covered staircase.
  4547 | Ossuary  | Entered an ossuary
  4721 | Ossuary  | Reached * piety under Vehumet
  4721 | Ossuary  | Offered knowledge of Sandblast by Vehumet.
  5073 | D:6      | Found Diwk's Armour Shoppe.
  5102 | D:6      | Reached skill level 5 in Dodging
  5351 | D:6      | Found Vusomits's Weapon Shop.
  5437 | D:6      | Reached skill level 9 in Spellcasting
  5546 | D:7      | Reached XP level 9. HP: 51/51 MP: 20/24
  5698 | D:7      | Offered knowledge of Magic Dart by Vehumet.
  5698 | D:7      | Reached ** piety under Vehumet
  6244 | D:7      | Found a blossoming altar of Fedhas.
  6424 | D:8      | Found a transporter.
  6425 | D:8      | Noticed marietta's ghost (journeyman MfGl)
  6430 | D:8      | Noticed a moth of wrath
  6433 | D:8      | Found a transporter.
  6437 | D:8      | HP: 1/51 [moth of wrath (12)]
  6438 | D:8      | Slain by a moth of wrath

Levels and vault maps discovered:
D:1:      dpeg_arrival_court, layout_basic
D:2:      layout_rooms, lemuel_zombie_altar_kikubaaqudgha, first_ration,
          uniq_natasha, uniq_robin, uniq_jessica
D:3:      layout_basic, grunt_temple_overflow_open, uniq_terence
D:4:      layout_cave_pools, minmay_misc_feat_rugged
D:5:      layout_rooms, nicolae_overflow_hidden_temple,
          minmay_temple_entry_offerings
D:6:      layout_basic, serial_glass, glass_columns_a, glass_columns_a,
          glass_columns_a, glass_columns_c, glass_columns_a, glass_columns_c,
          glass_columns_b, glass_columns_a, glass_columns_a, glass_columns_c,
          glass_columns_b, glass_columns_a, glass_columns_c, glass_columns_b,
          chequers_ossuary_entry_cave, serial_shops, kennysheep_mini,
          nicolae_shop_overgrown_old_shop, shop, trog_three_pillars_becter
D:7:      layout_basic, fedhas_altar_decomposition
D:8:      layout_basic, basic_altar, gammafunk_ghost_berserking_beasts,
          nicolae_dithmenos_shadow_blocks
Temple:   lightli_temple_of_artemis

Skill      XL: |  1  2  3  4  5  6  7  8  9 |
---------------+----------------------------+-----
Ice Magic      | 5 6 7 8 |  8.0
Spellcasting   | 4 5 6 7 9 |  9.3
Dodging        | 3 5 |  5.8
Fighting       | 1 2 3 |  3.3
Stealth        | 3 4 |  4.1
Shields        | 1 2 |  2.5
Summonings     | 1 2 |  2.5
Long Blades    | 1 |  1.6
Maces & Flails | |  0.7
Unarmed Combat | |  0.1

Action                   |  1- 3 |  4- 6 |  7- 9 || total
-------------------------+-------+-------+-------++-------
Melee: Unarmed           |       |    18 |       ||    18
       Flail             |       |     4 |    15 ||    19
       Rapier            |       |     3 |       ||     3
       Long sword        |       |       |    41 ||    41
 Cast: Freeze            |    44 |    25 |     2 ||    71
       Frozen Ramparts   |     4 |    25 |    57 ||    86
       Summon Ice Beast  |       |     1 |    32 ||    33
  Use: Scroll            |       |       |     6 ||     6
       Potion            |       |       |     4 ||     4
  Eat: Chunk             |     1 |     5 |    11 ||    17
       Ration            |       |       |     1 ||     1
Armor: Robe              |     9 |    40 |    36 ||    85
Dodge: Dodged            |    28 |    98 |    64 ||   190
Block: Buckler           |       |     4 |    32 ||    36
       Rpst.: Long sword |       |       |    19 ||    19

Table legend:
 A = Non-vault XP
 B = Vault XP
 C = Vault XP percentage of total XP
 D = Non-vault monster count
 E = Vault monster count
 F = Vault count percentage of total count
                 A         B        C        D         E       F
            +---------+---------+-------+---------+---------+-------
      Total |    3140 |     277 |   8.1 |     158 |      47 |  22.9
            +---------+---------+-------+---------+---------+-------
        D:1 |      52 |       0 |   0.0 |      29 |       0 |   0.0
        D:2 |     271 |     112 |  29.2 |      30 |      16 |  34.8
        D:3 |     186 |      36 |  16.2 |      29 |       1 |   3.3
        D:4 |     604 |       0 |   0.0 |      21 |       0 |   0.0
        D:5 |     583 |       0 |   0.0 |      10 |       0 |   0.0
        D:6 |     763 |       0 |   0.0 |      18 |       0 |   0.0
        D:7 |     678 |       0 |   0.0 |      20 |       0 |   0.0
        D:8 |       3 |       0 |   0.0 |       1 |       0 |   0.0
    Ossuary |       0 |     129 | 100.0 |       0 |      30 | 100.0
            +---------+---------+-------+---------+---------+-------
